 Dungeon Crawl Stone Soup version 0.17-a0-802-g1f09329 (webtiles) character file.

26693 namelastname112 the Covert (level 13, -2/111 HPs)
             Began as a Yellow Draconian Enchanter on Apr 26, 2015.
             Was a High Priest of Dithmenos.
             Slain by a red devil
             ... wielding a +0 spear
              (8 damage)
             ... on level 14 of the Dungeon.
             The game lasted 01:04:30 (18312 turns).

namelastname112 the Covert (DrEn)                  Turns: 18312, Time: 01:04:31

Health: -2/111     AC: 15    Str: 13    XL:     13   Next: 0%
Magic:  4/22       EV: 16    Int: 13    God:    Dithmenos [*****.]
Gold:   704        SH:  0    Dex: 18    Spells: 6 memorised, 9 levels left

rFire  . . .     SeeInvis .     t - +1 dagger (venom)
rCold  + . .     Clarity  .     (armour unavailable)
rNeg   . . .     SustAb   .     (no shield)
rPois  .         Gourm    .     (helmet restricted)
rElec  .         Spirit   .     L - +1 cloak
rCorr  +         Warding  .     o - +1 pair of gloves
rMut   .         Stasis   .     w - +2 pair of boots {run}
MR     .....                    l - amulet of regeneration
Stlth  +++++++...               E - -3 ring of intelligence (curse)
                                d - ring of invisibility

@: very slightly contaminated, wreathed by umbra, quick, not resistant to
hostile enchantments, extremely stealthy
A: spit acid, acid resistance, unfitting armour, agile 1, cold resistance 1,
strong 1, cold-blooded, AC +8
a: Spit Acid, Shadow Step, Shadow Form, Renounce Religion, Evoke Invisibility


You were on level 14 of the Dungeon.
You worshipped Dithmenos.
Dithmenos was extremely pleased with you.
You were not hungry.

You visited 2 branches of the dungeon, and saw 15 of its levels.

You collected 807 gold pieces.
You spent 103 gold pieces at shops.

Inventory:

Hand weapons
 t - a +1 dagger of venom (weapon)
 D - a +1 dagger of draining
Missiles
 K - 2 curare-tipped needles
Armour
 o - a +1 pair of gloves (worn)
 w - a +2 pair of boots of running (worn)
 L - a +1 cloak (worn)
Jewellery
 a - an uncursed amulet of stasis
 d - a ring of invisibility (left hand)
 f - an uncursed ring of protection from cold
 g - an uncursed ring of positive energy {unknown}
 l - an amulet of regeneration (around neck)
 v - an uncursed amulet of resist mutation
 E - a cursed -3 ring of intelligence (right hand)
 G - a cursed amulet of inaccuracy {unknown}
Magical devices
 A - a wand of cold (0)
Scrolls
 y - 3 scrolls of enchant armour
 H - 3 scrolls of identify
 I - 2 scrolls of remove curse
 M - a scroll of enchant weapon
Potions
 e - a potion of berserk rage {unknown}
 h - 2 potions of restore abilities {unknown}
 i - a potion of lignification {unknown}
 k - 5 potions of brilliance
 q - a potion of cancellation
 x - a potion of invisibility {unknown}
 B - a potion of ambrosia {unknown}
 C - 2 potions of haste {unknown}
 J - 2 potions of agility {unknown}
Books
 b - a book of Maledictions

   Spells                             Type                      Level
   a - Corona                         Hexes                        1
   b - Ensorcelled Hibernation        Hexes/Ice                    2
   c - Confuse                        Hexes                        3
   d - Tukima's Dance                 Hexes                        3
   e - Dazzling Spray                 Conjuration/Hexes            3
 n - a book of the Warp

   Spells                             Type                      Level
   a - Recall                         Summoning/Translocation      3
   b - Gell's Gravitas                Hexes/Translocation          3
   c - Control Teleport               Charms/Translocation         4
   d - Force Lance                    Conjuration/Translocation    4
   e - Phase Shift                    Translocation                5
   f - Warp Weapon                    Charms/Translocation         5
   g - Summon Forest                  Summoning/Translocation      5
 s - a book of Alchemy

   Spells                             Type                      Level
   a - Sublimation of Blood           Necromancy                   2
   b - Alistair's Intoxication        Transmutation/Poison         4
   c - Condensation Shield            Ice                          4
   d - Petrify                        Transmutation/Earth          4
   e - Ignite Poison                  Fire/Transmutation/Poison    3
   f - Irradiate                      Conjuration/Transmutation    5
 O - a book of Cantrips

   Spells                             Type                      Level
   a - Corona                         Hexes                        1
   b - Animate Skeleton               Necromancy                   1
   c - Summon Small Mammal            Summoning                    1
   d - Apportation                    Translocation                1
Comestibles
 c - 9 bread rations
 p - 3 meat rations
 r - 15 royal jellies


   Skills:
 - Level 9.4 Fighting
 - Level 11.9 Short Blades
 - Level 6.0 Dodging
 - Level 12.0 Stealth
 - Level 6.2 Spellcasting
 - Level 6.7 Hexes
 + Level 3.0 Evocations


You had 9 spell levels left.
You knew the following spells:

 Your Spells              Type           Power        Failure   Level  Hunger
a - Corona                Hex            ###....      1%          1    None
b - Confuse               Hex            ###.....     3%          3    ###....
c - Dazzling Spray        Conj/Hex       ##......     14%         3    ###....
d - Apportation           Tloc           #.........   17%         1    None
e - Warp Weapon           Chrm/Tloc      #.........   100%        5    ######.
x - Ensorcelled Hibernat  Hex/Ice        ##....       10%         2    #......


Dungeon Overview and Level Annotations

Branches:
Dungeon (14/15)            Temple (1/1) D:7            Lair (0/8) D:10
    Orc (0/4) D:9
 Vaults: D:13-14

Altars:
Ashenzari
Dithmenos
Elyvilon
Fedhas
Gozag
Kikubaaqudgha
Makhleb
Nemelex Xobeh
Okawaru
Qazlal
Ru
Sif Muna
Trog
Vehumet
Xom
Yredelemnul
Zin
The Shining One

Shops:
D:6 [   D:8 :   D:11 :

Annotations:
D:6 MordorOrchid's ghost, experienced SpVM
D:14 Donald


Innate Abilities, Weirdness & Mutations

You can spit globs of acid.
You are resistant to acid.
Your golden yellow scales are hard (AC +8).
Your body does not fit into most forms of armour.
You are cold-blooded and may be slowed by cold attacks.
You are agile. (Dex +2)
Your flesh is cold resistant.
Your muscles are strong. (Str +2)


Message History

Evoke which item? (* to show all) (? for menu, Esc to quit)
Zapping:
A - a wand of cold {zapped: 4} (will waste charges)
Press: ? - help, Shift-Dir - straight line, f - red devil
Aim: a red devil, wielding a spear and wearing a buckler (umbra)
The bolt of cold hits the red devil.
The red devil is frozen!
The red devil is almost dead.
Evoking this partially-identified wand wasted a few charges.
Dithmenos accepts your kill.
Your Evocations skill increases to level 3!
You have reached level 13!
You feel a bit more experienced. The red devil closely misses you.
The red devil hits you but does no damage.
Evoke which item? (* to show all) (? for menu, Esc to quit)
Zapping:
A - a wand of cold {zapped: 7} (will waste charges)
Press: ? - help, Shift-Dir - straight line, f/p - red devil
Aim: a red devil, wielding a spear and wearing a buckler (almost dead, umbra) Nothing appears to happen.
You feel yourself speed up.
The red devil hits you from afar with a spear!
You die...

#?# ##.## #
#4..# #.. .$)
#..## ..?
##....##)# #
....≈.[#4# §!#
.....≈≈.#.#[≈≈.#
#?.§§§@...)..#
####§.##..####
#... .## #.## .#
#. .# . .. . ..
.


You could see a red devil.

Vanquished Creatures
  A very ugly thing (D:10)
  Nessos (D:13)
  3 centaur warriors
  3 hill giants
  An unseen horror (D:14)
  7 ugly things
  A wizard (D:10)
  A cyclops (D:13)
  A manticore (D:10)
  A gargoyle (D:9)
  Joseph (D:7)
  A kobold demonologist (D:12)
  2 red devils (D:14)
  A tengu conjurer (D:13)
  4 trolls
  A queen bee (D:12)
  2 two-headed ogres
  4 ravens (D:13)
  A trapdoor spider (D:12)
  3 deep elf magi
  4 hungry ghosts
  9 vampire mosquitoes
  4 yaks (D:12)
  A hippogriff (D:10)
  2 ice beasts
  9 orc warriors
  2 black bears (D:9)
  A black bear (shapeshifter) (D:13)
  3 necrophages (D:10)
  A wasp (D:10)
  2 ogres
  5 phantoms
  3 eyes of draining
  3 sky beasts
  2 crocodiles
  The ghost of Lokkij the Cudgeler, an average TeWn (D:3)
  15 centaurs
  4 big kobolds
  9 giant frogs
  A gnoll sergeant (D:12)
  A wyvern zombie (D:9)
  A wyvern skeleton (D:10)
  12 wights
  21 killer bees
  A scorpion (D:9)
  An electric eel (D:9)
  6 jellies
  2 quasits (D:9)
  7 crimson imps
  2 giant frog zombies
  6 hounds
  2 centaur zombies (D:10)
  5 centaur skeletons
  A giant frog skeleton (D:9)
  14 worker ants
  4 iguanas
  13 orc priests
  16 orc wizards
  3 hound zombies
  A hound skeleton (D:10)
  A worker ant zombie (D:10)
  17 gnolls
  13 adders
  4 shadow imps
  6 oozes
  2 adder skeletons (D:4)
  2 worms
  4 giant geckos
  65 orcs
  A ball python (D:3)
  2 bat zombies
  3 giant cockroaches
  10 goblins
  17 hobgoblins
  7 quokkas
  11 bats
  2 giant gecko skeletons
  7 giant newts
  23 jackals
  A jackal zombie (D:7)
  18 kobolds
  24 rats
  A fungus (D:10)
  A plant (D:10)
482 creatures vanquished.

Vanquished Creatures (others)
  A wizard (D:10)
  2 vampire mosquitoes (D:14)
  2 centaurs (D:14)
  2 giant spores (D:4)
  7 fungi (D:10)
  A plant (D:10)
15 creatures vanquished.

Grand Total: 497 creatures vanquished

Notes
Turn   | Place    | Note
--------------------------------------------------------------
     0 | D:1      | namelastname112, the Draconian Enchanter, began the quest for the Orb.
     0 | D:1      | Reached XP level 1. HP: 14/14 MP: 3/3
   252 | D:1      | Reached XP level 2. HP: 11/20 MP: 3/5
   517 | D:1      | Learned a level 2 spell: Ensorcelled Hibernation
  1028 | D:2      | Reached skill level 3 in Stealth
  1256 | D:2      | Reached XP level 3. HP: 7/26 MP: 0/6
  2228 | D:2      | Reached XP level 4. HP: 25/33 MP: 0/7
  2989 | D:3      | Reached XP level 5. HP: 31/38 MP: 2/9
  3547 | D:3      | Noticed Lokkij's ghost (average TeWn)
  3659 | D:3      | Killed Lokkij's ghost
  3659 | D:3      | Reached XP level 6. HP: 20/45 MP: 10/10
  3708 | D:3      | Learned a level 3 spell: Confuse
  4097 | D:3      | Reached skill level 4 in Hexes
  4951 | D:4      | Your scales start taking on a golden yellow colour.
  4951 | D:4      | Reached XP level 7. HP: 37/50 MP: 7/12
  5639 | D:5      | Entered Level 5 of the Dungeon
  5696 | D:5      | Found a stormy altar of Qazlal.
  5699 | D:5      | Found an ancient bone altar of Kikubaaqudgha.
  5710 | D:5      | Found a blossoming altar of Fedhas.
  5713 | D:5      | Found a shattered altar of Ashenzari.
  5967 | D:5      | Found a glowing golden altar of the Shining One.
  6062 | D:5      | Learned a level 3 spell: Dazzling Spray
  6260 | D:5      | Found a shimmering altar of Xom.
  6375 | D:6      | Reached XP level 8. HP: 57/57 MP: 2/14
  6409 | D:6      | Found Migrehesm's Antique Armour Shoppe.
  6436 | D:6      | Bought a pair of glowing boots for 103 gold pieces
  6441 | D:6      | Identified a +2 pair of boots of running (You bought it in a shop on level 6 of the Dungeon)
  6466 | D:6      | Reached skill level 5 in Stealth
  6557 | D:6      | Noticed MordorOrchid's ghost (experienced SpVM)
  6663 | D:6      | Reached skill level 5 in Hexes
  7298 | D:7      | Reached skill level 5 in Short Blades
  7359 | D:7      | Reached XP level 9. HP: 62/62 MP: 9/16
  7399 | D:7      | Noticed Joseph
  7423 | D:7      | Killed Joseph
  7423 | D:7      | Reached skill level 5 in Dodging
  7423 | D:7      | Reached skill level 6 in Stealth
  7423 | D:7      | Reached skill level 5 in Spellcasting
  7599 | D:7      | Found a staircase to the Ecumenical Temple.
  7608 | Temple   | Entered the Ecumenical Temple
  7687 | Temple   | Became a worshipper of Dithmenos the Shadowed
  8057 | D:8      | Found Wigiasui's Book Shop.
  9316 | D:9      | Gained mutation: Your muscles are strong. (Str +2) [mutagenic meat]
  9317 | D:9      | Gained mutation: Your flesh is cold resistant. [mutagenic meat]
  9318 | D:9      | Gained mutation: You are agile. (Dex +2) [mutagenic meat]
  9441 | D:9      | Found a bloodstained altar of Trog.
  9743 | D:9      | Found a staircase to the Orcish Mines.
  9833 | D:9      | Reached XP level 10. HP: 69/69 MP: 19/19
  9897 | D:9      | Found an opulent altar of Gozag.
 10044 | D:9      | Reached skill level 7 in Stealth
 10080 | D:9      | Acquired Dithmenos's first power
 10080 | D:9      | Reached skill level 1 in Fighting
 10347 | D:9      | Identified a cursed +0 rod of ignition (12/12) (You found it on level 9 of the Dungeon)
 10745 | D:9      | Found a sacrificial altar of Ru.
 10745 | D:9      | Found a deep blue altar of Sif Muna.
 10798 | D:10     | Entered Level 10 of the Dungeon
 10869 | D:10     | Found a staircase to the Lair.
 11565 | D:10     | Reached skill level 8 in Stealth
 11846 | D:10     | Acquired Dithmenos's second power
 11905 | D:10     | Reached skill level 5 in Fighting
 12277 | D:10     | Noticed a manticore
 12289 | D:10     | Killed a manticore
 12289 | D:10     | Reached XP level 11. HP: 73/88 MP: 16/20
 12592 | D:10     | Noticed a purple ugly thing
 12594 | D:10     | Noticed a white ugly thing
 12598 | D:10     | Noticed a cyan ugly thing
 12601 | D:10     | Noticed a green ugly thing
 12622 | D:10     | Killed a purple ugly thing
 12626 | D:10     | Killed a purple ugly thing
 12626 | D:10     | Reached skill level 9 in Stealth
 12631 | D:10     | Killed a brown ugly thing
 12634 | D:10     | Killed a green ugly thing
 12692 | D:10     | Noticed a white ugly thing
 12694 | D:10     | Noticed a cyan ugly thing
 12718 | D:10     | Killed a cyan ugly thing
 12749 | D:10     | Killed a white ugly thing
 12868 | D:10     | Noticed a wizard
 12886 | D:10     | Killed a wizard
 13106 | D:10     | Noticed a wizard
 13107 | D:10     | Noticed a red very ugly thing
 13218 | D:10     | HP: 2/91 [white very ugly thing (8)]
 13482 | D:10     | Killed a white very ugly thing
 13626 | D:10     | Paralysed by a wizard for 7 turns
 13642 | D:10     | Killed a wizard
 14069 | D:11     | Reached skill level 10 in Stealth
 14377 | D:11     | Found Cusidaing's Book Shoppe.
 15190 | D:12     | Reached skill level 10 in Short Blades
 15503 | D:12     | Acquired Dithmenos's third power
 15678 | D:12     | Noticed a sun demon
 15765 | D:12     | Reached XP level 12. HP: 55/103 MP: 8/21
 15805 | D:12     | Noticed a hill giant
 15818 | D:12     | Killed a hill giant
 16217 | D:12     | Learned a level 1 spell: Apportation
 16681 | D:13     | Noticed a centaur warrior
 16865 | D:13     | Killed a centaur warrior
 16865 | D:13     | Reached skill level 11 in Stealth
 17060 | D:13     | Noticed a centaur warrior
 17107 | D:13     | Killed a centaur warrior
 17259 | D:13     | Noticed Nessos
 17269 | D:13     | Killed Nessos
 17521 | D:13     | Learned a level 5 spell: Warp Weapon
 17571 | D:13     | Acquired Dithmenos's fourth power
 17777 | D:13     | Reached skill level 12 in Stealth
 18107 | D:14     | Noticed Donald
 18240 | D:14     | Noticed a centaur warrior
 18248 | D:14     | Reached skill level 1 in Evocations
 18259 | D:14     | Killed a centaur warrior
 18301 | D:14     | HP: 3/105 [something (5)]
 18309 | D:14     | HP: 3/105 [red devil/spear (5)]
 18311 | D:14     | Reached XP level 13. HP: 5/111 MP: 4/22
 18312 | D:14     | Slain by a red devil

Action                   |  1- 3 |  4- 6 |  7- 9 | 10-12 | 13-15 || total
-------------------------+-------+-------+-------+-------+-------++-------
Melee: Dagger            |   161 |   357 |   692 |  1281 |       ||  2491
       Short sword       |       |       |       |    13 |       ||    13
 Cast: Corona            |     5 |     2 |     4 |     3 |       ||    14
       Ensorcelled Hiber |    21 |    31 |    49 |    46 |       ||   147
       Confuse           |       |     3 |    38 |   137 |       ||   178
       Dazzling Spray    |       |       |       |    41 |       ||    41
 Abil: Spit Acid         |       |       |     2 |     1 |       ||     3
       Evoke Invisibilit |       |       |       |     3 |       ||     3
Evoke: Wand              |       |       |       |     4 |       ||     4
  Use: Potion            |     1 |       |     1 |     7 |       ||     9
       Scroll            |       |       |    12 |    11 |       ||    23
 Stab: Sleeping          |     9 |    22 |    19 |    37 |       ||    87
       Confused          |       |       |    15 |    63 |       ||    78
       Distracted        |       |       |     2 |     4 |       ||     6
       Invisible         |       |       |       |    14 |       ||    14
  Eat: Chunk             |     5 |    11 |    22 |    20 |       ||    58
       Fruit             |       |     2 |     1 |     5 |       ||     8
       Beef jerky        |       |       |     1 |       |       ||     1
       Meat ration       |       |       |     1 |     2 |       ||     3
       Pizza             |       |       |       |     1 |       ||     1
       Royal jelly       |       |       |       |     7 |       ||     7
